 Dungeon Crawl Stone Soup version bcrawl-1.14 (webtiles) character file.

Game seed: 1472715485037697565

35 MordorOrchid the Ducker (level 3, -1/27 HPs)
             Began as an Oni Earth Elementalist on Sept 7, 2019.
             Slain by a scorpion (3 damage)
             ... on level 2 of the Dungeon.
             The game lasted 00:04:29 (969 turns).

MordorOrchid the Ducker (Oni Earth Elementalist)     Turns: 969, Time: 00:04:30

Health: -1/27      AC:  2    Str: 11    XL:     3   Next: 35%
Magic:  2/7        EV: 12    Int: 17    God:
Gold:   119        SH:  0    Dex: 11    Spells: 2/5 levels left

rFire    . . .     SeeInvis .   y - +2 dagger (drain)
rCold    . . .     Gourm    .   (no shield)
rNeg     . . .     Faith    .   c - +0 animal skin
rPois    .         Spirit   .   (helmet restricted)
rElec    .         Reflect  .   (no cloak)
rCorr    .         Harm     .   (no gloves)
MR       +....                  (no boots)
Stlth    ++........             (no amulet)
HPRegen  0.09/turn              o - ring of protection from magic
MPRegen  0.10/turn              (no ring)

@: lethally poisoned (-1 -> -9)
A: oni magic, claws 1, fangs 1, horns 1
a: no special abilities


You were on level 2 of the Dungeon.
You were not hungry.

You visited 1 branch of the dungeon, and saw 2 of its levels.

You collected 119 gold pieces.

Inventory:

Hand Weapons
 e - a +0 short sword
 y - a +2 dagger of draining (weapon)
Missiles
 b - 152 stones (quivered)
 h - 132 arrows
 n - 91 sling bullets
Armour
 c - a +0 animal skin (worn)
Jewellery
 i - an uncursed amulet of magic regeneration {unknown}
 o - a ring of protection from magic (left claw)
Scrolls
 a - 4 scrolls of identify {unknown}
 g - a scroll of immolation {unknown}
 j - a scroll of remove curse {unknown}
 k - a scroll of amnesia {unknown}
Potions
 f - a potion of haste {unknown}
 l - a potion of agility {unknown}
 m - a potion of mutation {unknown}
Comestibles
 d - 5 rations {!d}


   Skills:
 * Level 0.6 Fighting
 * Level 0.2 Short Blades
 * Level 2.2 Dodging
 + Level 2.0 Stealth
 * Level 0.7 Unarmed Combat
 + Level 1.8 Spellcasting


You had 2 spell levels left.
You knew the following spells:

 Your Spells              Type           Power        Failure   Level  Hunger
a - Sandblast             Erth           #.....       9%          1    #......
w - Passwall              Tmut/Erth      #.......     14%         2    ###....

Your spell library contained the following spells:

 Spells                   Type           Power        Failure   Level  Hunger
 Magic Dart               Conj           #...         9%          1    #......
 Stone Arrow              Conj/Erth      #.....       26%         3    ###....
 Petrify                  Tmut/Erth      #.......     65%         4    #####..
 Lee's Rapid Deconstruct  Erth           #.........   92%         5    ######.


Dungeon Overview and Level Annotations

Branches:
Dungeon (2/12)

Altars:
Okawaru


Innate Abilities, Weirdness & Mutations

You learn spells by gaining experience, not through books or religion.
You only train spellcasting to practice magic.
You have sharp fingernails.
You have very sharp teeth.
You have a pair of small horns on your head.


Message History

Confirm with . or Enter, or press ? or * to list all spells.
Aiming: Sandblast (safe; 9% risk of failure)
Press: ? - help, Shift-Dir - straight line, f/p - scorpion
Aim: a scorpion (severely wounded)
The blast of sand hits the scorpion.
The scorpion is severely wounded.
b - 162 stones
* * * LOW HITPOINT WARNING * * *
You feel sick. The scorpion stings you.
* * * LOW HITPOINT WARNING * * *
Casting: Sandblast (safe; 9% risk of failure)
Confirm with . or Enter, or press ? or * to list all spells.
Aiming: Sandblast (safe; 9% risk of failure)
Press: ? - help, Shift-Dir - straight line, f/p - scorpion
Aim: a scorpion (severely wounded)
The blast of sand hits the scorpion.
The scorpion is severely wounded.
b - 152 stones The scorpion stings you.
You die...

≈≈≈≈≈..≈ .≈≈≈≈≈≈≈
.≈≈≈≈≈≈≈ .≈≈≈≈≈≈≈
h≈≈≈≈♣≈≈ ?≈≈≈≈_♣≈
########## ≈≈≈≈♣♣≈≈
#....s...# ≈≈≈≈≈≈≈
#....(@..#####.≈≈≈≈≈≈≈≈
#.....$.......≈≈≈≈≈≈≈≈≈
#........#####..≈≈.≈≈≈.
#######.###. ≈........
#.# #.####.#.....
###.###.#.##.......
#.....#.#..........
#.#.#.#.#.##.......
...#>...............


You could see a scorpion.

Vanquished Creatures
  2 dart slugs (D:1)
  A leopard gecko (D:2)
  A ball python (D:2)
  4 bats
  A giant cockroach (D:1)
  3 goblins
  4 hobgoblins
  5 jackals (D:1)
  2 kobolds
  2 frilled lizards (D:1)
  2 rats (D:1)
27 creatures vanquished.

Notes
Turn   | Place    | Note
-------+----------+-------------------------------------------
     0 | D:1      | MordorOrchid the Oni Earth Elementalist began the quest for
                  | the Orb.
     0 | D:1      | Reached XP level 1. HP: 14/14 MP: 4/4
   139 | D:1      | Reached XP level 2. HP: 19/20 MP: 0/6
   551 | D:1      | Reached XP level 3. HP: 27/27 MP: 5/7
   555 | D:1      | Learned a level 2 spell: Passwall
   869 | D:2      | Found a faded altar of an unknown god.
   930 | D:2      | Found an iron altar of Okawaru.
   957 | D:2      | Noticed a scorpion
   969 | D:2      | Slain by a scorpion

Skill      XL: |  1  2 |
---------------+-------+-----
Dodging        | 2 |  2.2
Stealth        | 2 |  2.0
Fighting       | |  0.6
Short Blades   | |  0.2
Unarmed Combat | |  0.7
Spellcasting   | |  1.8

Action                   || total
-------------------------++-------
Melee: Short sword       ||     6
       Headbutt          ||     1
       Dagger            ||     3
 Cast: Sandblast         ||    40
 Stab: Sleeping          ||     3
  Eat: Chunk             ||     1
Armor: Animal skin       ||     9
Dodge: Dodged            ||    20
